Map: Odyssey LE

Players

MaNa

  • Race: Protoss Protoss
  • Spawn Location: 11:00

Serral - Winner!

  • Race: Zerg Zerg
  • Spawn Location: 5:00

Event: WCS Jonkoping 2017

VOD

Have the link to the VOD?

Description

Time

  • Played on: June 17, 2017, 2:13 p.m.
  • Length: 18:25

All games in this series

Show
View Real Time Build Order
Export as new Build Order

MaNa Protoss 

Build Orders: 1 Gate Expand, Zealot Archon 

Get SALT Encoding   

  12  0:00  Probe (Chrono Boost)  
  13  0:11  Probe (Chrono Boost)  
  14  0:19  Pylon  
  14  0:22  Probe (Chrono Boost)  
  15  0:37  Probe (Chrono Boost)  
  16  0:44  Gateway  
  16  0:47  Probe (Chrono Boost)  
  16  0:49  Assimilator  
  17  0:58  Probe (Chrono Boost)  
  18  1:09  Probe (Chrono Boost)  
  19  1:24  Nexus  
  19  1:35  Cybernetics Core  
  19  1:38  Probe (Chrono Boost)  
  20  1:49  Probe (Chrono Boost)  
  20  1:50  Assimilator  
  21  1:56  Pylon  
  21  1:59  Probe (Chrono Boost)  
  22  2:10  Probe (Chrono Boost)  
  22  2:14  Warp Gate, Adept (Chrono Boost)  
  26  2:23  Mothership Core (Chrono Boost)  
  27  2:37  Probe (Chrono Boost)  
  27  2:43  Pylon  
  29  2:44  Probe (Chrono Boost)  
  29  2:48  Probe (Chrono Boost)  
  29  2:51  Twilight Council  
  29  2:54  Probe (Chrono Boost)  
  31  2:58  Probe (Chrono Boost)  
  31  3:04  Robotics Facility  
  31  3:05  Probe (Chrono Boost)  
  32  3:09  Probe (Chrono Boost)  
  32  3:12  Stalker  
  35  3:19  Probe (Chrono Boost)  
  37  3:25  Gateway  
  37  3:26  Probe (Chrono Boost)  
  37  3:32  Probe (Chrono Boost)  
  37  3:33  Resonating Glaives  
  38  3:37  Probe (Chrono Boost)  
  39  3:42  Probe (Chrono Boost)  
  39  3:47  Probe (Chrono Boost)  
  41  3:49  Gateway  
  41  3:53  Probe (Chrono Boost)  
  42  3:57  Warp Prism (Chrono Boost)  
  42  4:00  Probe (Chrono Boost)  
  45  4:03  Probe (Chrono Boost)  
  45  4:07  Pylon  
  46  4:16  Gateway  
  46  4:17  Gateway  
  46  4:21  Gateway  
  46  4:26  Adept  
  46  4:28  Adept  
  46  4:30  Probe  
  50  4:31  Probe  
  50  4:37  Pylon  
  52  4:43  Dark Shrine  
  52  4:52  Probe  
  52  4:53  Probe  
  52  4:56  Adept x3  
  60  5:04  Observer (Chrono Boost)  
  57  5:17  Adept x3  
  60  5:36  Pylon  
  58  5:43  Probe  
  58  5:45  Probe  
  54  5:52  Pylon  
  54  5:54  Probe  
  47  5:57  Probe  
  47  5:58  Assimilator  
  47  5:59  Assimilator  
  48  6:05  Probe (Chrono Boost)  
  48  6:09  Probe (Chrono Boost)  
  50  6:17  Probe (Chrono Boost)  
  51  6:20  Probe (Chrono Boost)  
  51  6:23  Nexus  
  52  6:25  Pylon  
  52  6:26  Dark Templar  
  52  6:27  Probe (Chrono Boost), Dark Templar  
  52  6:31  Probe (Chrono Boost)  
  58  6:33  Pylon  
  58  6:38  Forge, Probe (Chrono Boost), Adept x2  
  63  6:41  Adept  
  63  6:42  Probe (Chrono Boost)  
  62  6:48  Probe (Chrono Boost)  
  62  6:52  Probe (Chrono Boost)  
  63  6:59  Probe (Chrono Boost), Dark Templar x2  
  68  7:05  Archon  
  68  7:07  Immortal (Chrono Boost)  
  72  7:11  Protoss Ground Weapons Level 1 (Chrono Boost)  
  72  7:12  Probe  
  72  7:14  Probe  
  74  7:16  Stalker  
  74  7:19  Pylon  
  74  7:22  Photon Cannon, Probe  
  76  7:26  Probe  
  78  7:34  Probe x2  
  80  7:37  Dark Templar  
  80  7:38  Probe, Dark Templar  
  80  7:42  Archon  
  85  7:45  Probe  
  85  7:46  Probe  
  85  7:50  Assimilator  
  87  7:52  Assimilator  
  87  7:53  Adept x2  
  87  7:55  Probe  
  87  7:56  Probe  
  93  8:04  Immortal  
  93  8:07  Probe  
  93  8:08  Probe  
  93  8:09  Probe  
  100  8:14  Templar Archives  
  100  8:16  Pylon  
  100  8:18  Charge  
  96  8:23  Probe x2  
  95  8:40  Probe  
  95  8:41  Probe x2, Psionic Storm  
  92  8:42  Immortal  
  95  8:50  Probe  
  95  8:51  Sentry x2  
  95  8:53  Probe x2  
  102  9:01  Adept x4  
  102  9:02  Probe  
  110  9:05  Probe x2  
  110  9:08  Protoss Ground Weapons Level 2 (Chrono Boost)  
  113  9:13  Pylon  
  113  9:14  Probe  
  108  9:21  Pylon, Adept  
  114  9:24  High Templar  
  114  9:25  High Templar  
  114  9:28  Pylon  
  114  9:44  High Templar x2  
  116  9:46  Probe x2  
  116  9:49  Immortal  
  116  9:52  Probe  
  98  9:58  Probe  
  102  10:01  Stalker x2  
  106  10:09  Probe  
  107  10:19  High Templar x2  
  107  10:20  Probe x2  
  107  10:21  Probe  
  113  10:26  Archon  
  113  10:27  Zealot x3  
  113  10:28  Zealot  
  121  10:32  Probe x2  
  121  10:33  Probe  
  124  10:38  Gateway  
  124  10:41  Gateway  
  124  10:45  Nexus  
  124  10:47  Pylon  
  124  10:49  Dark Templar x2  
  127  10:53  Archon  
  127  11:06  Probe x3  
  127  11:08  Photon Cannon  
  127  11:12  High Templar x4  
  127  11:16  Archon  
  127  11:17  Archon  
  127  11:18  Probe x3  
  130  11:33  High Templar x2  
  130  11:34  Immortal  
  130  11:39  Archon  
  137  11:55  Zealot x2  
  137  11:58  Pylon  
  137  11:59  Pylon  
  137  12:00  Pylon  
  137  12:01  Protoss Ground Weapons Level 3 (Chrono Boost)  
  141  12:11  Stargate  
  132  12:22  Zealot x4  
  116  12:24  Immortal  
  116  12:25  Zealot x2  
  116  12:27  High Templar x2  
  130  12:33  Archon  
  130  12:43  Sentry x3  
  136  12:51  Zealot x3  
  136  12:53  Nexus  
  142  12:58  Warp Prism  
  140  13:08  Fleet Beacon  
  140  13:11  Stargate  
  139  13:21  Pylon  
  139  13:25  Assimilator  
  133  13:37  Zealot x3  
  133  13:38  Zealot x2  
  129  13:53  Tempest (Chrono Boost)  
  129  13:55  Tempest (Chrono Boost)  
  141  13:58  Protoss Air Weapons Level 1  
  141  14:06  Pylon  
  141  14:08  Pylon  
  147  14:24  Zealot  
  155  14:31  Tempest (Chrono Boost)  
  155  14:33  Tempest (Chrono Boost)  
  155  14:38  Pylon  
  160  15:06  Zealot x3  
  166  15:11  Nexus  
  166  15:13  Tempest (Chrono Boost)  
  178  15:28  Tempest (Chrono Boost)  
  170  15:36  Protoss Ground Armor Level 1  
  170  15:40  High Templar x3  
  170  15:42  High Templar  
  175  15:45  Archon  
  175  15:46  Archon  
  175  16:04  Zealot  
  173  16:14  High Templar x2  
  177  16:20  Archon  
  177  16:21  Zealot x2  
  181  16:25  Pylon  
  181  16:28  Pylon  
  181  16:46  Zealot x3, High Templar x2  
  160  16:50  Archon  
  128  17:35  Archon  
  90  17:50  Zealot  
  90  17:51  Zealot x4  
  80  17:55  Zealot x2, High Templar x2  
  80  17:56  Zealot x2  
  81  17:59  Archon  
Show
View Real Time Build Order
Export as new Build Order

Serral Zerg - Winner!

Build Orders: Pool First 

Get SALT Encoding   

  12  0:00  Drone  
  13  0:13  Drone  
  14  0:16  Overlord  
  14  0:22  Extractor  
  14  0:23  Drone  
  15  0:35  Drone x2  
  17  0:46  Extractor, Drone  
  17  0:50  Spawning Pool  
  17  0:56  Drone  
  17  1:07  Drone  
  18  1:18  Hatchery  
  18  1:23  Drone  
  18  1:28  Drone  
  19  1:37  Queen  
  21  1:40  Zergling x2  
  21  1:46  Metabolic Boost  
  22  1:53  Overlord  
  22  2:11  Zergling x2  
  22  2:12  Queen  
  25  2:22  Drone  
  26  2:30  Drone  
  26  2:32  Drone  
  28  2:37  Queen  
  28  2:42  Drone  
  31  2:45  Drone x2  
  31  2:46  Drone x2  
  34  3:00  Hatchery  
  34  3:03  Overlord  
  33  3:06  Drone  
  33  3:08  Drone  
  33  3:11  Drone  
  36  3:22  Overlord  
  36  3:23  Drone x4  
  36  3:25  Drone  
  40  3:28  Drone  
  40  3:29  Drone  
  40  3:30  Drone  
  43  3:34  Overlord  
  43  3:40  Queen  
  45  3:45  Evolution Chamber  
  45  3:47  Baneling Nest  
  45  3:48  Drone  
  44  3:50  Drone  
  44  3:55  Drone x2  
  47  3:59  Pneumatized Carapace  
  47  4:03  Zergling x8  
  51  4:11  Zergling x6  
  51  4:14  Zerg Melee Weapons Level 1  
  54  4:17  Queen  
  54  4:23  Queen  
  58  4:26  Overlord  
  58  4:28  Overlord  
  58  4:31  Zergling x4  
  58  4:34  Overlord  
  58  4:35  Drone  
  61  4:43  Spore Crawler, Drone x3  
  63  4:46  Spore Crawler, Drone  
  63  4:51  Zergling x8  
  67  4:56  Queen  
  70  5:00  Spine Crawler  
  70  5:05  Baneling  
  70  5:06  Baneling x4, Zergling x2  
  71  5:07  Zergling x8  
  71  5:12  Overlord  
  71  5:24  Zergling x2  
  71  5:25  Zergling x12  
  71  5:39  Zergling x2  
  71  5:40  Zergling x10  
  69  5:51  Baneling x2  
  69  5:57  Zergling x8  
  69  6:00  Spore Crawler  
  71  6:04  Spore Crawler  
  71  6:10  Spore Crawler, Zergling x4  
  71  6:24  Baneling x3  
  71  6:26  Drone x4  
  75  6:33  Overlord  
  75  6:34  Overlord  
  75  6:35  Drone x3  
  75  6:37  Drone x2  
  75  6:38  Extractor  
  75  6:39  Extractor  
  78  6:41  Drone x2  
  77  6:48  Drone  
  77  6:49  Drone  
  77  6:50  Drone  
  79  7:01  Drone x3  
  79  7:03  Lair  
  79  7:04  Drone x2  
  79  7:05  Extractor  
  79  7:07  Baneling  
  79  7:08  Overlord  
  82  7:11  Drone x4  
  82  7:15  Spine Crawler  
  85  7:16  Queen  
  85  7:19  Drone x2  
  85  7:20  Baneling  
  85  7:22  Overlord  
  89  7:24  Hatchery  
  89  7:27  Drone  
  89  7:28  Drone  
  90  7:31  Drone x2  
  90  7:34  Extractor  
  90  7:35  Overlord  
  91  7:37  Drone x2  
  91  7:40  Drone x3  
  96  7:46  Queen  
  96  7:47  Zergling x10  
  103  7:55  Extractor  
  103  7:58  Overlord  
  102  7:59  Drone x3  
  102  8:01  Zerg Melee Weapons Level 2, Centrifical Hooks  
  102  8:02  Zergling x2  
  102  8:03  Hydralisk Den  
  105  8:15  Overlord  
  105  8:16  Zergling x6  
  105  8:17  Zergling x12  
  112  8:32  Queen  
  106  8:34  Muscular Augments, Drone x3  
  108  8:42  Overlord  
  108  8:44  Drone x3  
  108  8:45  Drone x4  
  114  8:52  Overlord  
  114  8:54  Hydralisk x4  
  124  9:02  Hydralisk x3  
  128  9:06  Overlord  
  130  9:10  Hydralisk x2  
  130  9:11  Hydralisk  
  130  9:12  Zergling x2  
  133  9:19  Overlord  
  133  9:20  Spine Crawler  
  133  9:21  Baneling x7  
  133  9:22  Baneling  
  133  9:23  Baneling x4  
  131  9:25  Hydralisk x3  
  131  9:26  Zergling x2  
  130  9:41  Drone x3  
  130  9:42  Drone x3  
  130  9:44  Zergling x2  
  130  9:45  Zergling x16  
  128  9:53  Drone x3  
  128  9:57  Zergling x2  
  128  9:58  Zergling x10  
  135  10:11  Overlord  
  135  10:13  Zergling x2  
  136  10:14  Zergling x12  
  136  10:16  Baneling  
  136  10:17  Baneling x16, Zerg Missile Weapons Level 1  
  136  10:19  Hatchery  
  139  10:26  Spore Crawler  
  139  10:27  Drone x2  
  139  10:28  Zergling x16  
  141  10:29  Zergling x4  
  141  10:30  Baneling  
  141  10:31  Baneling x4  
  141  10:32  Baneling x2  
  141  10:34  Baneling  
  141  10:35  Baneling x6  
  150  10:41  Zergling x6  
  150  10:42  Zergling x4  
  155  10:45  Baneling x2  
  155  10:48  Zergling x2  
  155  10:49  Zergling x4  
  158  10:54  Zergling x12  
  158  10:55  Zergling x2  
  160  10:58  Zergling x10  
  152  11:06  Zergling x4  
  152  11:07  Zergling x8  
  155  11:11  Zergling x2  
  155  11:16  Infestation Pit  
  154  11:19  Zergling x2  
  154  11:20  Zergling x10  
  159  11:28  Zergling x10  
  159  11:29  Zergling x8  
  159  11:32  Queen  
  167  11:33  Drone x3  
  167  11:37  Baneling x4  
  167  11:38  Baneling x8  
  167  11:39  Spore Crawler, Spine Crawler  
  170  11:41  Zergling x6  
  161  11:56  Hive  
  161  11:59  Spire  
  159  12:01  Zergling x2  
  159  12:02  Zergling x26  
  152  12:16  Zergling x2  
  152  12:17  Zergling x20  
  138  12:24  Hydralisk x5  
  138  12:27  Baneling x13  
  146  12:34  Baneling x2  
  146  12:35  Baneling, Zergling x2  
  146  12:36  Zergling x14  
  154  12:45  Zergling x2  
  154  12:46  Zergling x14  
  154  12:49  Spine Crawler, Drone  
  154  12:50  Baneling x2  
  154  12:51  Baneling x6  
  162  12:55  Zerg Missile Weapons Level 2  
  162  12:57  Zergling x2  
  162  12:58  Zergling x6  
  156  13:06  Zergling x2  
  156  13:07  Zergling x18  
  156  13:12  Greater Spire  
  164  13:13  Adrenal Glands  
  164  13:28  Hatchery  
  158  13:45  Zergling x2  
  158  13:46  Zergling x18  
  163  13:54  Overlord  
  163  13:55  Corruptor, Overlord  
  158  13:56  Corruptor x5  
  158  13:59  Corruptor  
  171  14:03  Baneling  
  171  14:04  Baneling x10  
  171  14:09  Extractor  
  170  14:20  Drone x8  
  170  14:21  Drone  
  178  14:28  Brood Lord x5  
  178  14:30  Extractor  
  187  14:32  Extractor  
  187  14:36  Drone x6  
  192  14:45  Brood Lord  
  194  14:51  Spine Crawler x2, Brood Lord  
  194  14:54  Spore Crawler, Spine Crawler  
  192  15:02  Pathogen Glands  
  192  15:03  Burrow  
  189  15:07  Corruptor x2  
  189  15:12  Extractor  
  192  15:15  Corruptor  
  192  15:16  Corruptor  
  195  15:32  Overseer x2  
  195  15:34  Corruptor x3  
  197  15:44  Zerg Ground Armor Level 1  
  196  16:05  Neural Parasite  
  196  16:09  Spore Crawler x3  
  196  16:10  Spore Crawler x2  
  186  16:12  Corruptor x5, Spore Crawler x2  
  186  16:16  Drone x5  
  186  16:17  Drone  
  199  16:26  Zergling x2  
  188  16:53  Corruptor x2  
  188  16:54  Corruptor x4  
  189  17:09  Corruptor  
  189  17:10  Corruptor x3  
  189  17:11  Overlord x3  
  163  17:35  Hydralisk x3  
  163  17:36  Hydralisk x2, Zergling x2  
  158  17:37  Zergling x22  
  158  17:39  Hydralisk x3  
  158  17:40  Zergling x2  
  158  17:41  Zergling x22  
  169  17:46  Zergling x2  
  169  17:47  Zergling x8  
  157  17:56  Hydralisk x3  
  160  18:01  Baneling  
  160  18:02  Baneling x7  
Tags
 
Add a new tag
Caveats
  • Supply blocks, unpowered buildings, or Contaminate may cause inaccurate times.
  • Supply counts are checked every 10 seconds.